Map: Amygdala

Players

GangusKaun

  • Race: Protoss Protoss
  • League: Gold
  • Spawn Location: 7:00

TacticalCow - Winner!

  • Race: Protoss Protoss
  • League: Gold
  • Spawn Location: 1:00

VOD

Have the link to the VOD?

Description

Time

  • Played on: Dec. 6, 2024, 4:36 p.m.
  • Length: 11:26
Show
View Real Time Build Order
Export as new Build Order

GangusKaun Protoss 

Build Orders: Oracle Opening 

Get SALT Encoding   

  12  0:05  Probe  
  13  0:14  Pylon  
  13  0:22  Probe  
  14  0:35  Gateway, Probe  
  15  0:48  Probe  
  16  0:58  Assimilator  
  16  1:00  Probe  
  17  1:12  Probe  
  18  1:22  Assimilator  
  18  1:24  Probe  
  19  1:27  Cybernetics Core  
  19  1:36  Probe  
  20  1:48  Probe  
  21  2:00  Probe  
  22  2:08  Nexus  
  22  2:10  Pylon  
  22  2:12  Probe  
  23  2:22  Warp Gate  
  23  2:27  Stargate  
  23  2:28  Probe  
  24  2:34  Pylon  
  24  2:40  Probe  
  24  2:42  Stalker  
  27  2:54  Probe  
  28  3:02  Shield Battery  
  28  3:03  Oracle  
  28  3:06  Probe  
  32  3:25  Probe  
  32  3:27  Probe  
  34  3:35  Probe  
  34  3:37  Probe  
  34  3:40  Robotics Facility  
  34  3:41  Gateway  
  36  3:44  Probe  
  36  3:45  Gateway  
  37  4:01  Assimilator  
  37  4:03  Assimilator  
  37  4:06  Probe x2  
  39  4:29  Fleet Beacon  
  39  4:30  Zealot  
  41  4:41  Pylon  
  41  4:47  Shield Battery  
  41  4:49  Pylon  
  41  4:51  Gateway  
  41  4:53  Gateway  
  41  5:04  Tempest  
  41  5:11  Probe x2  
  47  5:22  Stargate  
  47  5:31  Protoss Air Weapons Level 1  
  47  5:35  Immortal  
  51  5:40  Zealot x3  
  57  5:44  Shield Battery  
  57  5:57  Probe  
  57  5:58  Probe  
  57  5:59  Tempest  
  63  6:10  Sentry  
  65  6:13  Tempest  
  69  6:23  Probe  
  70  6:45  Probe  
  52  6:58  Probe  
  52  7:01  Unknown  
  52  7:10  Probe  
  53  7:20  Nexus  
  53  7:23  Pylon  
  53  7:40  Pylon  
  53  7:41  Tempest  
  57  7:44  Observer  
  57  7:49  Forge  
  58  7:57  Observer  
  59  8:15  Observer  
  34  9:21  Photon Cannon  
  34  9:22  Photon Cannon  
  34  9:23  Photon Cannon  
  30  9:26  Pylon  
  30  9:28  Stalker x3  
  34  9:46  Assimilator  
  34  9:48  Assimilator  
  26  10:38  Photon Cannon  
  26  10:41  Gateway  
  26  10:43  Gateway  
  24  11:00  Observer  
  24  11:03  Nexus  
  24  11:06  Photon Cannon  
Show
View Real Time Build Order
Export as new Build Order

TacticalCow Protoss - Winner!

Build Orders:  

Get SALT Encoding   

  12  0:02  Probe  
  13  0:11  Probe  
  13  0:19  Probe  
  15  0:38  Pylon  
  15  0:43  Assimilator  
  15  0:56  Probe  
  16  1:31  Probe  
  16  1:33  Gateway  
  16  1:39  Probe  
  18  1:49  Forge  
  18  1:50  Probe  
  19  1:56  Assimilator  
  19  2:02  Probe  
  20  2:13  Probe  
  20  2:14  Pylon  
  21  2:17  Pylon  
  21  2:21  Probe  
  22  2:30  Probe  
  23  2:37  Photon Cannon  
  23  2:43  Cybernetics Core  
  23  2:49  Nexus  
  23  3:03  Assimilator  
  23  3:07  Assimilator  
  23  3:09  Pylon  
  23  3:14  Pylon  
  23  3:25  Probe  
  24  3:32  Warp Gate  
  24  3:36  Twilight Council  
  24  3:38  Robotics Facility  
  24  3:46  Gateway  
  24  3:48  Gateway  
  22  4:22  Photon Cannon  
  22  4:25  Pylon  
  22  4:38  Dark Shrine, Probe  
  23  4:46  Probe  
  24  4:58  Probe  
  25  5:00  Photon Cannon  
  25  5:10  Probe  
  26  5:14  Warp Prism  
  28  5:38  Pylon  
  28  5:44  Gateway  
  28  5:49  Probe  
  29  5:58  Probe  
  30  6:04  Pylon  
  30  6:06  Probe  
  31  6:14  Probe  
  32  6:22  Probe  
  32  6:34  Probe  
  32  6:35  Dark Templar x2  
  32  6:36  Dark Templar  
  32  6:39  Dark Templar  
  41  6:56  Probe  
  42  7:06  Stargate  
  42  7:08  Probe, Stargate  
  38  7:10  Immortal  
  35  7:20  Probe  
  40  7:28  Probe  
  40  7:36  Probe  
  42  7:47  Probe  
  43  7:56  Dark Templar  
  43  7:57  Dark Templar  
  43  7:58  Zealot x2  
  49  7:59  Probe  
  52  8:09  Void Ray  
  52  8:11  Probe  
  57  8:25  Dark Templar  
  57  8:26  Dark Templar  
  57  8:49  Photon Cannon x2  
  63  9:00  Pylon  
  59  9:02  Pylon  
  59  9:04  Phoenix, Void Ray  
  59  9:11  Stargate  
  57  9:25  Void Ray  
  61  9:36  Pylon  
  61  9:37  Pylon  
  61  10:29  Archon  
  61  10:30  Archon  
  61  10:36  Dark Templar x2, Void Ray  
  61  10:39  Observer  
  66  10:46  Pylon  
  66  10:48  Pylon  
  66  10:49  Pylon  
Tags
 
League
GoldGold
Matchup
PvP
Spawn Locations
Cross Positions
Add a new tag
Caveats
  • Supply blocks, unpowered buildings, or Contaminate may cause inaccurate times.
  • Supply counts are checked every 10 seconds.